 Dungeon Crawl Stone Soup version 0.31-a0-229-g1fc7ce93e2 (webtiles) character file.

Game seed: 3302632830473627153

49 qw the Shooter (level 3, -4/21 HPs)
             Began as a Gargoyle Hexslinger on July 6, 2023.
             Slain by Terence
             ... wielding a +0 trident
              (8 damage)
             ... on level 2 of the Dungeon.
             The game lasted 00:00:32 (885 turns).

qw the Shooter (Gargoyle Hexslinger)                 Turns: 885, Time: 00:00:32

Health: -4/21      AC:  5    Str: 11    XL:     3   Next: 75%
Magic:  4/4        EV: 12    Int: 13    God:
Gold:   39         SH:  0    Dex: 14    Spells: 3/4 levels left

rFire   . . .        Y - +1 sling
rCold   . . .        (no shield)
rNeg    + . .        c - +0 robe
rPois   inf          (no helmet)
rElec   +            (no cloak)
rCorr   .            (no gloves)
SInv    .            (no boots)
Will    .....        (no amulet)
Stlth   +            (no ring)
HPRegen 0.23/turn    (no ring)
MPRegen 0.09/turn

%: no passive effects
@: about to teleport
A: sickness immunity, AC +3, negative energy resistance 1, electricity
resistance, torment resistance 1, petrification resistance
a: no special abilities


You were on level 2 of the Dungeon.
You visited 1 branch of the dungeon, and saw 2 of its levels.

You collected 39 gold pieces.


Innate Abilities, Weirdness & Mutations

You are immune to sickness and miasma.
Your stone body is resilient. (AC +3)
You are immune to poison.
You resist negative energy. (rN+)
You are resistant to electric shocks. (rElec)
You are resistant to unholy torment.
You are immune to petrification.


   Skills:
 - Level 2.0 Fighting
 + Level 3.6 Ranged Weapons
 - Level 1.5 Dodging
 - Level 1.0 Spellcasting
 - Level 2.6 Hexes


You had 3 spell levels left.
You knew the following spells:

 Your Spells              Type           Power      Damage    Failure   Level
a - Slow                  Hex            28%        N/A       10%         1

Your spell library contained the following spells:

 Spells                   Type           Power      Damage    Failure   Level
 Inner Flame              Hex/Fire       4%         N/A       43%         3
 Portal Projectile        Hex/Tloc       8%         N/A       43%         3
 Cause Fear               Hex            3%         N/A       67%         4

Inventory:

Hand Weapons
 Y - a +1 sling (weapon)
Armour
 c - a +0 robe (worn)
Potions
 e - a potion of might {unknown}
 f - a potion of heal wounds {unknown}
 h - a potion of curing {unknown}

Dungeon Overview and Level Annotations

Branches:
Dungeon (2/15)

Altars:

Annotations:
D:2 Terence


Message History

The dart slug launches a dart at you. The slug dart hits you.
You shoot a sling bullet. The sling bullet barely misses Terence.
You shoot a sling bullet. The sling bullet hits the dart slug.
The dart slug is lightly wounded.
You shoot a sling bullet.
The sling bullet hits Terence but does no damage.
Terence is heavily wounded.
Terence barely misses you.
You shoot a sling bullet. The sling bullet barely misses Terence.
Terence hits you with a +0 trident. The dart slug launches a dart at you.
The slug dart hits you but does no damage.
Terence hits you with a +0 trident.
You shoot a sling bullet.
The sling bullet hits Terence but does no damage.
Terence is heavily wounded.
Terence hits you but does no damage.
You shoot a sling bullet. The sling bullet barely misses Terence.
Terence hits you with a +0 trident! The dart slug launches a dart at you.
The slug dart misses you.
You shoot a sling bullet. The sling bullet hits Terence.
Terence is severely wounded.
Terence screams, "I want your blood!" Terence hits you with a +0 trident.
883 ||| READING scroll of teleportation.
As you read the scroll of teleportation, it crumbles to dust.
You feel strangely unstable. Terence completely misses you.
You shoot a sling bullet.
The sling bullet hits Terence but does no damage.
Terence is severely wounded.
Terence barely misses you.
The dart slug bites you but does no damage.
You shoot a sling bullet.
The sling bullet hits Terence but does no damage.
Terence is severely wounded.
Terence hits you with a +0 trident!
You die...

#.# #.#....#
#.###.#....#
##.#........#
#######%...#.#..#.#
#...............#.. #
#.##..#........#### ...
#.##...#..........
.....#.....##......####
.......@..###......#
####..w#@## #......#
#... ## #......# #(.#.
####.## ....#. .#.. .<
#. .# +. .


You could see Terence and a dart slug.

Vanquished Creatures
  An adder (D:2)
  A dart slug (D:2)
  5 bats
  6 endoplasms
  2 giant cockroaches (D:1)
  5 hobgoblins (D:1)
  5 kobolds
  2 quokkas (D:1)
  2 ball pythons (D:1)
  4 frilled lizards
  2 rats (D:1)
35 creatures vanquished.

Notes
Turn   | Place    | Note
-------+----------+-------------------------------------------
     0 | D:1      | qw the Gargoyle Hexslinger began the quest for the Orb.
     0 | D:1      | Reached XP level 1. HP: 12/12 MP: 2/2
     0 | D:1      | 0 ||| qw: Version: 0.3-a-46-gb1f654a
     0 | D:1      | 0 ||| qw: Game counter: 1232
     0 | D:1      | 0 ||| qw: Melee chars always use a shield: true
     0 | D:1      | 0 ||| qw: God list: Okawaru
     0 | D:1      | 0 ||| qw: Allow faded altars: false
     0 | D:1      | 0 ||| qw: Do Orc after clearing Dungeon:15 true
     0 | D:1      | 0 ||| qw: Do second Lair branch before Depths: true
     0 | D:1      | 0 ||| qw: Lair rune preference: random
     0 | D:1      | 0 ||| qw: Goals: Normal
     0 | D:1      | 0 ||| PLANNING D:1-11
    62 | D:1      | Reached XP level 2. HP: 12/16 MP: 3/3
   139 | D:1      | Reached skill level 3 in Ranged Weapons
   172 | D:1      | 172 ||| READING scroll labelled SIGRUL PUROQEI.
   264 | D:1      | HP: 4/16 [frozen (1)]
   411 | D:1      | Reached XP level 3. HP: 21/21 MP: 4/4
   690 | D:1      | 690 ||| READING scroll labelled LOSHEAB KYON.
   695 | D:1      | 695 ||| READING scroll labelled YSKOCE AKOECYU.
   696 | D:1      | 696 ||| READING scroll labelled VEMMEL ISHRE.
   697 | D:1      | 697 ||| DROPPING scroll of poison.
   736 | D:2      | 736 ||| FLEEEEING.
   737 | D:2      | 737 ||| FLEEEEING.
   868 | D:2      | Noticed Terence
   882 | D:2      | HP: 3/21 [Terence/+0 trident (6)]
   883 | D:2      | 883 ||| READING scroll of teleportation.
   885 | D:2      | Slain by Terence

Levels and vault maps discovered:
D:1:      lemuel_arrival_behind_the_door_large, layout_basic, serial_forest,
          infiniplex_forest_clump_small, infiniplex_forest_clump_diagonal,
          infiniplex_forest_end_2, infiniplex_forest_straight_5,
          infiniplex_forest_zigzag_2, infiniplex_forest_end_double
D:2:      layout_basic, uniq_terence

Skill      XL: |  1  2 |
---------------+-------+-----
Ranged Weapons | 3 |  3.6
Fighting       | 2 |  2.0
Dodging        | |  1.5
Spellcasting   | |  1.0
Hexes          | |  2.6

Action                     || total
---------------------------++-------
   Fire: Sling             ||   130
    Use: Scroll            ||     5
 Armour: Robe              ||    19
  Dodge: Dodged            ||    44

Table legend:
 A = Non-vault XP
 B = Vault XP
 C = Vault XP percentage of total XP
 D = Non-vault monster count
 E = Vault monster count
 F = Vault count percentage of total count
                 A         B        C        D         E       F
            +---------+---------+-------+---------+---------+-------
      Total |      70 |       0 |   0.0 |      35 |       0 |   0.0
            +---------+---------+-------+---------+---------+-------
        D:1 |      44 |       0 |   0.0 |      27 |       0 |   0.0
        D:2 |      26 |       0 |   0.0 |       8 |       0 |   0.0
            +---------+---------+-------+---------+---------+-------
